Map: Prion Terraces

Players

darkFIGHTER

  • Race: Terran Terran
  • League: Platinum

LilDicky - Winner!

  • Race: Terran Terran
  • League: Diamond

VOD

http://www.twitch.tv/tumescentpie

Description

Time

  • Played on: Dec. 5, 2015, 8:32 p.m.
  • Length: 8:14
Show
View Real Time Build Order
Export as new Build Order

darkFIGHTER Terran 

Build Orders:  

Get SALT Encoding   

  12  0:01  SCV  
  13  0:13  SCV  
  14  0:18  Supply Depot  
  14  0:25  SCV  
  15  0:40  SCV  
  15  0:42  Barracks  
  16  0:49  Refinery  
  16  0:52  SCV  
  17  1:04  SCV  
  18  1:16  SCV  
  19  1:28  Supply Depot  
  19  1:30  Marine  
  19  1:32  Orbital Command  
  20  1:48  Marine  
  21  2:06  Marine  
  21  2:07  SCV  
  22  2:18  Command Center, Refinery  
  22  2:19  SCV  
  23  2:24  Marine  
  23  2:29  Factory  
  24  2:40  SCV  
  25  3:03  Marine  
  26  3:09  SCV  
  27  3:13  Hellion  
  29  3:21  Marine  
  30  3:31  Starport  
  30  3:35  Factory Tech Lab  
  30  3:37  Orbital Command  
  30  3:40  Barracks Tech Lab  
  30  3:47  Supply Depot  
  30  3:48  SCV  
  31  4:00  SCV  
  31  4:01  Stimpack, Marauder  
  34  4:11  Orbital Command  
  34  4:14  SCV  
  35  4:21  Banshee  
  35  4:22  Cloaking Field  
  38  4:30  Hellion  
  38  4:32  Marauder  
  40  4:40  Engineering Bay  
  40  4:42  Barracks  
  40  4:43  Barracks  
  40  4:51  SCV x2  
  42  5:00  Bunker  
  42  5:03  SCV x2  
  43  5:15  SCV  
  40  5:21  Viking  
  40  5:23  Marine  
  40  5:27  Missile Turret  
  41  5:31  Missile Turret  
  41  5:35  Marine  
  41  5:36  Marine  
  43  5:44  SCV x2  
  45  6:07  Raven  
  45  6:08  Barracks Tech Lab  
  45  6:09  Barracks Reactor, Concussive Shells  
  45  6:11  Marauder  
  49  6:13  Terran Infantry Weapons Level 1  
  39  6:36  Marauder  
  39  6:37  Marauder  
  41  6:41  Hellion  
  41  6:44  Bunker  
  41  6:50  Medivac  
  41  6:52  Marine x2  
  45  6:58  Marauder x2  
  45  6:59  Bunker  
  48  7:10  Marine x2  
  50  7:19  Marauder, Marine  
  53  7:28  Marine  
  54  7:32  Marine  
  54  7:37  Marine  
  54  7:46  Marauder  
  53  7:54  Marine  
Show
View Real Time Build Order
Export as new Build Order

LilDicky Terran - Winner!

Build Orders: Banshee Rush 

Get SALT Encoding   

  12  0:02  SCV  
  13  0:14  SCV  
  13  0:18  Supply Depot  
  14  0:26  SCV  
  15  0:34  Refinery  
  15  0:39  SCV  
  16  0:45  Barracks  
  16  0:54  SCV  
  17  1:06  SCV  
  18  1:18  SCV  
  19  1:29  Refinery  
  19  1:32  Orbital Command  
  19  1:33  Reaper  
  19  1:35  Supply Depot  
  19  2:04  SCV  
  19  2:06  Factory  
  20  2:16  Marine  
  20  2:22  SCV  
  22  2:34  SCV, Marine  
  24  2:38  Supply Depot  
  24  2:46  SCV  
  25  2:58  SCV  
  26  3:05  Starport  
  26  3:06  Factory Tech Lab, Marine  
  26  3:09  Supply Depot  
  26  3:10  SCV  
  28  3:22  SCV  
  28  3:25  Marine  
  29  3:35  SCV, Supply Depot  
  30  3:45  Factory Tech Lab  
  30  3:47  SCV  
  31  3:48  Banshee, Cloaking Field  
  31  3:49  Command Center  
  31  3:51  Marine  
  35  3:58  Supply Depot  
  35  3:59  SCV  
  36  4:05  Siege Tank  
  39  4:11  SCV  
  39  4:31  Banshee  
  39  4:33  Marine  
  39  4:34  SCV  
  39  4:38  Siege Tank  
  47  4:44  Engineering Bay  
  47  4:46  SCV  
  47  4:51  Marine  
  49  4:58  SCV  
  50  5:10  SCV  
  51  5:21  Missile Turret, Orbital Command  
  48  5:22  Viking  
  48  5:23  SCV, Marine  
  48  5:27  Missile Turret  
  52  5:29  Supply Depot  
  52  5:35  SCV  
  53  5:41  Cyclone  
  56  5:44  Missile Turret  
  56  5:46  SCV  
  56  5:47  SCV, Marine  
  59  5:55  Raven  
  58  5:58  SCV  
  58  5:59  SCV  
  60  6:04  Refinery  
  60  6:05  Refinery  
  60  6:10  SCV  
  62  6:11  SCV, Supply Depot  
  65  6:18  Siege Tank  
  65  6:24  Marine  
  63  6:42  Banshee, Marine  
  63  6:44  SCV  
  63  6:45  SCV  
  69  6:54  Siege Tank  
  72  7:12  Marine  
  73  7:20  SCV  
  74  7:25  Banshee, SCV  
  74  7:26  Siege Tank  
  74  7:29  Command Center  
  81  7:33  SCV  
  82  7:48  SCV  
Tags
 
Add a new tag
Caveats
  • Supply blocks, unpowered buildings, or Contaminate may cause inaccurate times.
  • Supply counts are checked every 10 seconds.